Connexion

Gulls vs Senators

Created - 4 août 2023 at 07:35

Goals
1 2 3 T
Gulls 0 1 0 1
Senators 1 0 1 2
Shots
1 2 3 T
Gulls 6 8 12 26
Senators 9 13 19 41

GoalsPenalties
1st period
1. Senators , Linus Weissbach 1 (Fabian Zetterlund 3, Ian Mitchell 3) at 4:17
Cole Schwindt (BEL) for Hooking (Minor) at 13:12
2nd period
2. Gulls , Mathias Laferriere 3 (Arnaud Durandeau 5, JD Greenway 3) at 1:12 (PP)
Aliaksei Protas (BEL) for Roughing (Minor) at 0:07
Ryan Shea (SAN) for Slashing (Minor) at 7:53
3rd period
3. Senators , Aliaksei Protas 2 (Cole Schwindt 4, Jack Rathbone 1) at 9:48
No Penalty
Goalie Stats
Janne Juvonen (SAN), 39 saves from 41 shots - (0,951), L, 0-2-0, 59:52 minutes
Leevi Merilainen (BEL), 25 saves from 26 shots - (0,962), W, 2-2-0, 60:00 minutes
3 StarsOfficial
1 - Janne Juvonen (SAN)
2 - Leevi Merilainen (BEL)
3 - Linus Weissbach (BEL)
Referees : Dennis LaRue and Gord Dwyer
Linesman : Steve Barton and Derek Amell
Game Note
Lucas Carlsson is injured at 3:12 of 1st period (Strained Right Knee)
Finance
Level 1 -- Attendance: 1816 (90,80%) -- Ticket Income 63 560 $
Level 2 -- Attendance: 747 (74,70%) -- Ticket Income 14 940 $
Total Attendance: 2563 (85,43%)
Total Ticket Income: 78 500 $
Other Income: 15 700 $
Total Income: 94 200 $



Team Name Goals Shots Shots Attemp Shots Blocked PIM HIT PP PK FO%
Gulls 12656102241 / 2 (50%)034%
Senators 2418611490 / 1 (0%)166%

Gulls
Player Name POS G A P +/- PIM HIT SHT SB MP PP MP PP SHT PK MP PK SHT FO% FOT
Alex LimogesC/LW0000011020:231:1700:14052% 21
Arnaud DurandeauLW011-1012014:171:1710:0000% 1
Calvin ThurkaufC/LW000000003:550:4700:00033% 3
Dalton SmithLW000001004:491:1400:0000% 0
Dmitry KulikovD000-1031328:021:3801:0900% 0
Dylan SikuraC/LW/RW000-2031025:041:3310:3500% 4
Gustav BourammanD000-1030019:141:3300:2400% 0
Jack BadiniC/LW0000031012:340:0000:0009% 11
JD GreenwayD0110030123:590:1001:0300% 0
Linus OlundC000-1005019:101:0701:04032% 25
Lucas CarlssonD000000011:230:0000:0000% 0
Marcus KallionkelliLW0000001010:110:3800:350100% 2
Mathias LaferriereRW1010017124:320:5330:000100% 1
Phil Di GiuseppeLW/RW0000004021:071:3301:2400% 3
Ryan SheaD000-2230121:570:4800:0000% 0
Sam KurkerRW000-1012015:150:1400:00067% 3
TJ HensickC/RW000-1011013:200:0000:20029% 14
Trevor MurphyD0000000318:480:3801:0800% 0
Senators
Player Name POS G A P +/- PIM HIT SHT SB MP PP MP PP SHT PK MP PK SHT FO% FOT
Adam BeckmanC/LW0000005018:381:1720:0000% 0
Akil ThomasC/RW0000025019:101:1700:32056% 25
Aleksi HeponiemiC/LW/RW0001007019:510:4200:0000% 0
Alex BeaucageLW/RW0001013016:290:0000:4900% 0
Aliaksei ProtasC1011227123:360:4200:59071% 38
Ben JonesC000001002:470:0000:000100% 1
Cole SchwindtC/RW0111203223:420:4201:0500% 1
Dawson BarteauxD0001010114:550:0000:0000% 0
Fabian ZetterlundC/LW/RW0111002017:130:0001:33071% 21
Ian MitchellD0111000114:550:0000:0000% 0
Jack RathboneD0111002125:011:1701:4900% 0
Jamieson ReesC000000000:380:0000:380100% 1
Joey KeaneD0000001120:040:4211:1500% 0
Linus WeissbachLW1011001115:400:0000:0000% 1
Ryan MerkleyD0001001125:011:1711:4900% 0
Tyler MaddenC000000000:000:0000:0000% 0
Wade AllisonRW0000023019:101:1700:3200% 0
Zac JonesD0000001220:040:4201:1500% 0



Play-by-Play

1st period


0:01 of 1st period - Aliaksei Protas wins face-off versus Linus Olund in neutral zone.
0:08 of 1st period - Shot by Aleksi Heponiemi.
0:08 of 1st period - Shot Misses the Net.
0:31 of 1st period - Aleksi Heponiemi is hit by Sam Kurker and loses puck.
0:42 of 1st period - Shot by Aleksi Heponiemi.
0:42 of 1st period - Stopped by Janne Juvonen with a rebound.
1:00 of 1st period - Shot by Phil Di Giuseppe.
1:00 of 1st period - Shot Misses the Net.
1:02 of 1st period - Shot by Ryan Shea.
1:02 of 1st period - Shot Misses the Net.
1:04 of 1st period - Shot by Phil Di Giuseppe.
1:04 of 1st period - Deflect By Alex Limoges.
1:04 of 1st period - Shot Misses the Net.
1:06 of 1st period - Shot by Phil Di Giuseppe.
1:06 of 1st period - Shot Hit the Post.
1:08 of 1st period - Shot by Ryan Shea.
1:08 of 1st period - Shot Misses the Net.
1:10 of 1st period - Shot by Mathias Laferriere.
1:10 of 1st period - Shot Misses the Net.
1:12 of 1st period - Shot by Phil Di Giuseppe.
1:12 of 1st period - Shot Blocked by Joey Keane.
1:14 of 1st period - Shot by Phil Di Giuseppe.
1:14 of 1st period - Stopped by Leevi Merilainen with a rebound.
1:16 of 1st period - Shot by Phil Di Giuseppe.
1:16 of 1st period - Stopped by Leevi Merilainen without a rebound.
1:17 of 1st period - Fabian Zetterlund wins face-off versus Jack Badini in Senators zone.
1:28 of 1st period - Ian Mitchell is hit by Jack Badini and loses puck.
2:23 of 1st period - Off-side.
2:24 of 1st period - Aliaksei Protas wins face-off versus TJ Hensick in neutral zone.
2:44 of 1st period - Icing by Aleksi Heponiemi.
2:45 of 1st period - Aliaksei Protas wins face-off versus Dylan Sikura in Senators zone.
2:54 of 1st period - Shot by Aleksi Heponiemi.
2:54 of 1st period - Shot Blocked by Dmitry Kulikov.
3:12 of 1st period - Shot by Cole Schwindt.
3:12 of 1st period - Shot Blocked by Lucas Carlsson.
3:12 of 1st period - Lucas Carlsson from Gulls is injured at 3:12 of 1st period (Strained Right Knee).
3:13 of 1st period - Akil Thomas wins face-off versus TJ Hensick in Gulls zone.
3:23 of 1st period - Akil Thomas is hit by Gustav Bouramman and loses puck.
3:56 of 1st period - Wade Allison is hit by Gustav Bouramman and loses puck.
4:15 of 1st period - Shot by Fabian Zetterlund.
4:15 of 1st period - Shot Misses the Net.
4:17 of 1st period - Shot by Fabian Zetterlund.
4:17 of 1st period - Deflect By Linus Weissbach.
4:17 of 1st period - Goal by Linus Weissbach - Gulls : 0 - Senators : 1.
4:18 of 1st period - Ben Jones wins face-off versus Alex Limoges in neutral zone.
4:21 of 1st period - Phil Di Giuseppe is hit by Ben Jones and loses puck.
4:54 of 1st period - Shot by Mathias Laferriere.
4:54 of 1st period - Shot Misses the Net.
4:56 of 1st period - Shot by Mathias Laferriere.
4:56 of 1st period - Stopped by Leevi Merilainen with a rebound.
5:29 of 1st period - Trevor Murphy is hit by Alex Beaucage and loses puck.
5:43 of 1st period - Icing by Alex Beaucage.
5:44 of 1st period - Fabian Zetterlund wins face-off versus Linus Olund in Senators zone.
6:37 of 1st period - Shot by Akil Thomas.
6:37 of 1st period - Stopped by Janne Juvonen without a rebound.
6:38 of 1st period - Aliaksei Protas wins face-off versus Jack Badini in Gulls zone.
6:43 of 1st period - Shot by Aleksi Heponiemi.
6:43 of 1st period - Shot Misses the Net.
6:45 of 1st period - Shot by Aliaksei Protas.
6:45 of 1st period - Stopped by Janne Juvonen without a rebound.
6:46 of 1st period - Aliaksei Protas wins face-off versus Jack Badini in Gulls zone.
6:57 of 1st period - Shot by Aliaksei Protas.
6:57 of 1st period - Stopped by Janne Juvonen without a rebound.
6:58 of 1st period - Akil Thomas wins face-off versus Phil Di Giuseppe in Gulls zone.
7:11 of 1st period - Icing by Phil Di Giuseppe.
7:12 of 1st period - Alex Limoges wins face-off versus Aliaksei Protas in Gulls zone.
7:53 of 1st period - Shot by Aleksi Heponiemi.
7:53 of 1st period - Shot Misses the Net.
8:11 of 1st period - Shot by Linus Weissbach.
8:11 of 1st period - Deflect By Fabian Zetterlund.
8:11 of 1st period - Shot Blocked by Trevor Murphy.
8:19 of 1st period - Shot by Fabian Zetterlund.
8:19 of 1st period - Shot Blocked by Mathias Laferriere.
10:00 of 1st period - Icing by Zac Jones.
10:01 of 1st period - Aliaksei Protas wins face-off versus Linus Olund in Senators zone.
10:11 of 1st period - Aliaksei Protas is hit by Ryan Shea and loses puck.
10:36 of 1st period - Icing by Cole Schwindt.
10:37 of 1st period - Aliaksei Protas wins face-off versus Dylan Sikura in Senators zone.
10:37 of 1st period - Aliaksei Protas is hit by Dylan Sikura.
11:43 of 1st period - Icing by Fabian Zetterlund.
11:44 of 1st period - TJ Hensick wins face-off versus Fabian Zetterlund in Senators zone.
11:49 of 1st period - Shot by Dalton Smith.
11:49 of 1st period - Shot Blocked by Ryan Merkley.
11:51 of 1st period - Shot by Arnaud Durandeau.
11:51 of 1st period - Shot Misses the Net.
12:31 of 1st period - Shot by Wade Allison.
12:31 of 1st period - Stopped by Janne Juvonen with a rebound.
12:33 of 1st period - Shot by Dawson Barteaux.
12:33 of 1st period - Shot Misses the Net.
13:05 of 1st period - Shot by Aliaksei Protas.
13:05 of 1st period - Stopped by Janne Juvonen without a rebound.
13:06 of 1st period - Aliaksei Protas wins face-off versus Linus Olund in Gulls zone.
13:09 of 1st period - Shot by Cole Schwindt.
13:09 of 1st period - Stopped by Janne Juvonen without a rebound.
13:10 of 1st period - Linus Olund wins face-off versus Aliaksei Protas in Gulls zone.
13:12 of 1st period - Minor Penalty to Cole Schwindt for Hooking.
13:13 of 1st period - Aliaksei Protas wins face-off versus Dylan Sikura in Senators zone.
13:54 of 1st period - Shot by Fabian Zetterlund.
13:54 of 1st period - Shot Misses the Net.
15:19 of 1st period - Shot by Marcus Kallionkelli.
15:19 of 1st period - Shot Misses the Net.
15:21 of 1st period - Shot by Jack Badini.
15:21 of 1st period - Shot Misses the Net.
15:23 of 1st period - Shot by Sam Kurker.
15:23 of 1st period - Stopped by Leevi Merilainen without a rebound.
15:24 of 1st period - Fabian Zetterlund wins face-off versus Jack Badini in Senators zone.
15:38 of 1st period - Shot by Dmitry Kulikov.
15:38 of 1st period - Shot Blocked by Linus Weissbach.
15:48 of 1st period - Shot by Linus Weissbach.
15:48 of 1st period - Shot Misses the Net.
15:50 of 1st period - Shot by Joey Keane.
15:50 of 1st period - Shot Misses the Net.
16:39 of 1st period - Dylan Sikura is hit by Dawson Barteaux and loses puck.
17:14 of 1st period - Shot by Phil Di Giuseppe.
17:14 of 1st period - Shot Misses the Net.
17:16 of 1st period - Shot by Alex Limoges.
17:16 of 1st period - Stopped by Leevi Merilainen without a rebound.
17:17 of 1st period - Aliaksei Protas wins face-off versus Linus Olund in Senators zone.
18:34 of 1st period - Icing by Aliaksei Protas.
18:35 of 1st period - Aliaksei Protas wins face-off versus Jack Badini in Senators zone.
19:02 of 1st period - Shot by Fabian Zetterlund.
19:02 of 1st period - Stopped by Janne Juvonen without a rebound.
19:03 of 1st period - Alex Limoges wins face-off versus Akil Thomas in Gulls zone.
19:14 of 1st period - Shot by Mathias Laferriere.
19:14 of 1st period - Deflect By Phil Di Giuseppe.
19:14 of 1st period - Stopped by Leevi Merilainen without a rebound.
19:15 of 1st period - Fabian Zetterlund wins face-off versus TJ Hensick in Senators zone.
19:54 of 1st period - Shot by Fabian Zetterlund.
19:54 of 1st period - Shot Misses the Net.
Goals for this period are 0 for Gulls vs 1 for Senators.
Shots for this period are 6 for Gulls vs 9 for Senators.

2nd period


0:01 of 2nd period - Aliaksei Protas wins face-off versus Linus Olund in neutral zone.
0:07 of 2nd period - Minor Penalty to Aliaksei Protas for Roughing.
0:08 of 2nd period - Alex Limoges wins face-off versus Fabian Zetterlund in Senators zone.
0:15 of 2nd period - Shot by Mathias Laferriere.
0:15 of 2nd period - Stopped by Leevi Merilainen without a rebound.
0:16 of 2nd period - Fabian Zetterlund wins face-off versus Alex Limoges in Senators zone.
0:32 of 2nd period - Shot by Mathias Laferriere.
0:32 of 2nd period - Shot Misses the Net.
0:34 of 2nd period - Shot by Mathias Laferriere.
0:34 of 2nd period - Deflect By Arnaud Durandeau.
0:34 of 2nd period - Stopped by Leevi Merilainen with a rebound.
0:36 of 2nd period - Shot by Mathias Laferriere.
0:36 of 2nd period - Stopped by Leevi Merilainen without a rebound.
0:37 of 2nd period - Fabian Zetterlund wins face-off versus Phil Di Giuseppe in Senators zone.
1:02 of 2nd period - Shot by Dylan Sikura.
1:02 of 2nd period - Stopped by Leevi Merilainen without a rebound.
1:03 of 2nd period - Jamieson Rees wins face-off versus Alex Limoges in Senators zone.
1:12 of 2nd period - Shot by Mathias Laferriere.
1:12 of 2nd period - Goal by Mathias Laferriere - Gulls : 1 - Senators : 1.
1:13 of 2nd period - Akil Thomas wins face-off versus Linus Olund in neutral zone.
1:26 of 2nd period - Shot by Linus Olund.
1:26 of 2nd period - Stopped by Leevi Merilainen without a rebound.
1:27 of 2nd period - Fabian Zetterlund wins face-off versus Alex Limoges in Senators zone.
1:48 of 2nd period - Shot by Alex Limoges.
1:48 of 2nd period - Shot Misses the Net.
4:33 of 2nd period - Fabian Zetterlund is hit by Dalton Smith and loses puck.
5:48 of 2nd period - Off-side.
5:49 of 2nd period - Akil Thomas wins face-off versus Jack Badini in neutral zone.
6:17 of 2nd period - Shot by Mathias Laferriere.
6:17 of 2nd period - Shot Blocked by Dawson Barteaux.
6:34 of 2nd period - Off-side.
6:35 of 2nd period - TJ Hensick wins face-off versus Fabian Zetterlund in neutral zone.
6:42 of 2nd period - Icing by Zac Jones.
6:43 of 2nd period - Fabian Zetterlund wins face-off versus TJ Hensick in Senators zone.
6:52 of 2nd period - Shot by Alex Beaucage.
6:52 of 2nd period - Stopped by Janne Juvonen with a rebound.
6:56 of 2nd period - Shot by Zac Jones.
6:56 of 2nd period - Shot Misses the Net.
6:58 of 2nd period - Shot by Linus Weissbach.
6:58 of 2nd period - Shot Misses the Net.
7:45 of 2nd period - Aliaksei Protas is hit by Ryan Shea and loses puck.
7:52 of 2nd period - Shot by Cole Schwindt.
7:52 of 2nd period - Deflect By Aleksi Heponiemi.
7:52 of 2nd period - Stopped by Janne Juvonen with a rebound.
7:53 of 2nd period - Minor Penalty to Ryan Shea for Slashing.
7:54 of 2nd period - Akil Thomas wins face-off versus Linus Olund in Gulls zone.
7:57 of 2nd period - Shot by Ryan Merkley.
7:57 of 2nd period - Stopped by Janne Juvonen without a rebound.
7:58 of 2nd period - Linus Olund wins face-off versus Akil Thomas in Gulls zone.
8:17 of 2nd period - Shot by Wade Allison.
8:17 of 2nd period - Deflect By Adam Beckman.
8:17 of 2nd period - Stopped by Janne Juvonen without a rebound.
8:18 of 2nd period - Linus Olund wins face-off versus Aliaksei Protas in Gulls zone.
8:27 of 2nd period - Shot by Zac Jones.
8:27 of 2nd period - Shot Misses the Net.
8:29 of 2nd period - Shot by Cole Schwindt.
8:29 of 2nd period - Shot Misses the Net.
8:31 of 2nd period - Shot by Cole Schwindt.
8:31 of 2nd period - Shot Blocked by Dmitry Kulikov.
8:33 of 2nd period - Shot by Aleksi Heponiemi.
8:33 of 2nd period - Shot Misses the Net.
8:35 of 2nd period - Shot by Aleksi Heponiemi.
8:35 of 2nd period - Shot Blocked by Trevor Murphy.
8:59 of 2nd period - Shot by Joey Keane.
8:59 of 2nd period - Stopped by Janne Juvonen without a rebound.
9:00 of 2nd period - Akil Thomas wins face-off versus Dylan Sikura in Gulls zone.
9:09 of 2nd period - Shot by Akil Thomas.
9:09 of 2nd period - Shot Misses the Net.
9:11 of 2nd period - Shot by Adam Beckman.
9:11 of 2nd period - Stopped by Janne Juvonen without a rebound.
9:12 of 2nd period - Akil Thomas wins face-off versus Linus Olund in Gulls zone.
9:45 of 2nd period - Shot by Ryan Merkley.
9:45 of 2nd period - Shot Misses the Net.
9:49 of 2nd period - Shot by Adam Beckman.
9:49 of 2nd period - Shot Misses the Net.
9:52 of 2nd period - Adam Beckman is hit by JD Greenway and loses puck.
9:59 of 2nd period - Ian Mitchell is hit by Mathias Laferriere and loses puck.
10:16 of 2nd period - Shot by Gustav Bouramman.
10:16 of 2nd period - Shot Blocked by Ian Mitchell.
10:18 of 2nd period - Shot by Marcus Kallionkelli.
10:18 of 2nd period - Shot Blocked by Cole Schwindt.
10:20 of 2nd period - Shot by Gustav Bouramman.
10:20 of 2nd period - Shot Blocked by Aliaksei Protas.
10:22 of 2nd period - Shot by Mathias Laferriere.
10:22 of 2nd period - Stopped by Leevi Merilainen without a rebound.
10:23 of 2nd period - Fabian Zetterlund wins face-off versus TJ Hensick in Senators zone.
10:23 of 2nd period - Fabian Zetterlund is hit by TJ Hensick.
10:37 of 2nd period - Shot by Fabian Zetterlund.
10:37 of 2nd period - Shot Blocked by JD Greenway.
11:17 of 2nd period - Phil Di Giuseppe is hit by Wade Allison and loses puck.
11:24 of 2nd period - Shot by Adam Beckman.
11:24 of 2nd period - Stopped by Janne Juvonen without a rebound.
11:25 of 2nd period - Aliaksei Protas wins face-off versus Linus Olund in Gulls zone.
11:47 of 2nd period - Icing by Ryan Shea.
11:48 of 2nd period - Akil Thomas wins face-off versus Linus Olund in Gulls zone.
12:02 of 2nd period - Icing by Jack Rathbone.
12:03 of 2nd period - Mathias Laferriere wins face-off versus Akil Thomas in Senators zone.
12:18 of 2nd period - Shot by Akil Thomas.
12:18 of 2nd period - Stopped by Janne Juvonen without a rebound.
12:19 of 2nd period - Aliaksei Protas wins face-off versus Jack Badini in Gulls zone.
12:20 of 2nd period - Shot by Aleksi Heponiemi.
12:20 of 2nd period - Stopped by Janne Juvonen with a rebound.
12:47 of 2nd period - Icing by Dmitry Kulikov.
12:48 of 2nd period - Jack Badini wins face-off versus Akil Thomas in Gulls zone.
13:03 of 2nd period - Shot by Akil Thomas.
13:03 of 2nd period - Shot Misses the Net.
13:13 of 2nd period - Shot by Wade Allison.
13:13 of 2nd period - Deflect By Akil Thomas.
13:13 of 2nd period - Stopped by Janne Juvonen without a rebound.
13:14 of 2nd period - Linus Olund wins face-off versus Aliaksei Protas in Gulls zone.
13:29 of 2nd period - Shot by Linus Olund.
13:29 of 2nd period - Shot Misses the Net.
13:37 of 2nd period - Shot by Aleksi Heponiemi.
13:37 of 2nd period - Stopped by Janne Juvonen with a rebound.
13:45 of 2nd period - Ryan Shea is hit by Aliaksei Protas.
13:49 of 2nd period - Shot by Linus Olund.
13:49 of 2nd period - Deflect By Sam Kurker.
13:49 of 2nd period - Stopped by Leevi Merilainen with a rebound.
13:51 of 2nd period - Shot by Gustav Bouramman.
13:51 of 2nd period - Shot Blocked by Zac Jones.
14:08 of 2nd period - Icing by Zac Jones.
14:09 of 2nd period - Alex Limoges wins face-off versus Cole Schwindt in Senators zone.
14:38 of 2nd period - Shot by Alex Limoges.
14:38 of 2nd period - Shot Blocked by Jack Rathbone.
15:57 of 2nd period - Icing by Linus Weissbach.
15:58 of 2nd period - Fabian Zetterlund wins face-off versus Linus Olund in Senators zone.
16:26 of 2nd period - Icing by JD Greenway.
16:27 of 2nd period - Akil Thomas wins face-off versus Linus Olund in Gulls zone.
16:40 of 2nd period - Zac Jones is hit by Dylan Sikura and loses puck.
17:25 of 2nd period - Icing by Jack Rathbone.
17:26 of 2nd period - Aliaksei Protas wins face-off versus Alex Limoges in Senators zone.
17:33 of 2nd period - Shot by Jack Rathbone.
17:33 of 2nd period - Stopped by Janne Juvonen without a rebound.
17:34 of 2nd period - Aliaksei Protas wins face-off versus Alex Limoges in Gulls zone.
17:34 of 2nd period - Aleksi Heponiemi is hit by Dmitry Kulikov and loses puck.
18:06 of 2nd period - Aleksi Heponiemi is hit by Dmitry Kulikov and loses puck.
18:23 of 2nd period - Icing by Ryan Merkley.
18:24 of 2nd period - Aliaksei Protas wins face-off versus Arnaud Durandeau in Senators zone.
18:50 of 2nd period - Icing by Dawson Barteaux.
18:51 of 2nd period - Akil Thomas wins face-off versus TJ Hensick in Senators zone.
19:00 of 2nd period - Shot by Akil Thomas.
19:00 of 2nd period - Shot Blocked by Trevor Murphy.
19:08 of 2nd period - Shot by Akil Thomas.
19:08 of 2nd period - Stopped by Janne Juvonen with a rebound.
19:57 of 2nd period - Icing by Joey Keane.
19:58 of 2nd period - Fabian Zetterlund wins face-off versus Jack Badini in Senators zone.
Goals for this period are 1 for Gulls vs 0 for Senators.
Shots for this period are 8 for Gulls vs 13 for Senators.

3rd period


0:01 of 3rd period - Linus Olund wins face-off versus Aliaksei Protas in neutral zone.
0:04 of 3rd period - Ryan Merkley is hit by Dylan Sikura and loses puck.
0:21 of 3rd period - Shot by Linus Olund.
0:21 of 3rd period - Stopped by Leevi Merilainen without a rebound.
0:22 of 3rd period - Akil Thomas wins face-off versus Alex Limoges in Senators zone.
2:29 of 3rd period - Shot by Arnaud Durandeau.
2:29 of 3rd period - Stopped by Leevi Merilainen with a rebound.
4:36 of 3rd period - Shot by TJ Hensick.
4:36 of 3rd period - Stopped by Leevi Merilainen without a rebound.
4:37 of 3rd period - Fabian Zetterlund wins face-off versus TJ Hensick in Senators zone.
4:56 of 3rd period - Shot by Alex Beaucage.
4:56 of 3rd period - Stopped by Janne Juvonen without a rebound.
4:57 of 3rd period - Marcus Kallionkelli wins face-off versus Akil Thomas in Gulls zone.
5:13 of 3rd period - Shot by Wade Allison.
5:13 of 3rd period - Shot Misses the Net.
5:15 of 3rd period - Shot by Zac Jones.
5:15 of 3rd period - Stopped by Janne Juvonen without a rebound.
5:16 of 3rd period - Linus Olund wins face-off versus Fabian Zetterlund in Gulls zone.
5:37 of 3rd period - Shot by Linus Olund.
5:37 of 3rd period - Stopped by Leevi Merilainen with a rebound.
5:39 of 3rd period - Shot by Dylan Sikura.
5:39 of 3rd period - Shot Misses the Net.
5:41 of 3rd period - Shot by Dmitry Kulikov.
5:41 of 3rd period - Shot Misses the Net.
5:43 of 3rd period - Shot by Dylan Sikura.
5:43 of 3rd period - Deflect By Linus Olund.
5:43 of 3rd period - Stopped by Leevi Merilainen without a rebound.
5:44 of 3rd period - Aliaksei Protas wins face-off versus Alex Limoges in Senators zone.
5:44 of 3rd period - Aliaksei Protas is hit by Alex Limoges.
5:50 of 3rd period - Shot by Aleksi Heponiemi.
5:50 of 3rd period - Shot Misses the Net.
5:52 of 3rd period - Shot by Dawson Barteaux.
5:52 of 3rd period - Shot Misses the Net.
5:54 of 3rd period - Shot by Aleksi Heponiemi.
5:54 of 3rd period - Stopped by Janne Juvonen without a rebound.
5:55 of 3rd period - Akil Thomas wins face-off versus Jack Badini in Gulls zone.
6:18 of 3rd period - Jack Badini is hit by Akil Thomas and loses puck.
6:55 of 3rd period - Jack Rathbone is hit by Ryan Shea and loses puck.
7:04 of 3rd period - Shot by Cole Schwindt.
7:04 of 3rd period - Shot Misses the Net.
7:06 of 3rd period - Shot by Aliaksei Protas.
7:06 of 3rd period - Shot Misses the Net.
7:08 of 3rd period - Shot by Cole Schwindt.
7:08 of 3rd period - Stopped by Janne Juvonen without a rebound.
7:09 of 3rd period - Fabian Zetterlund wins face-off versus Alex Limoges in Gulls zone.
7:09 of 3rd period - Fabian Zetterlund is hit by Gustav Bouramman.
7:39 of 3rd period - Shot by Phil Di Giuseppe.
7:39 of 3rd period - Stopped by Leevi Merilainen without a rebound.
7:40 of 3rd period - Aliaksei Protas wins face-off versus TJ Hensick in Senators zone.
7:40 of 3rd period - Aliaksei Protas is hit by Arnaud Durandeau.
7:49 of 3rd period - Ryan Merkley is hit by JD Greenway and loses puck.
8:10 of 3rd period - Shot by Aleksi Heponiemi.
8:10 of 3rd period - Shot Misses the Net.
8:25 of 3rd period - Icing by JD Greenway.
8:26 of 3rd period - TJ Hensick wins face-off versus Akil Thomas in Gulls zone.
8:30 of 3rd period - Off-side.
8:31 of 3rd period - Alex Limoges wins face-off versus Akil Thomas in neutral zone.
8:39 of 3rd period - Ryan Shea is hit by Akil Thomas and loses puck.
9:05 of 3rd period - Shot by Adam Beckman.
9:05 of 3rd period - Shot Misses the Net.
9:07 of 3rd period - Shot by Adam Beckman.
9:07 of 3rd period - Shot Misses the Net.
9:09 of 3rd period - Shot by Adam Beckman.
9:09 of 3rd period - Stopped by Janne Juvonen without a rebound.
9:10 of 3rd period - Linus Olund wins face-off versus Aliaksei Protas in Gulls zone.
9:38 of 3rd period - Shot by Aleksi Heponiemi.
9:38 of 3rd period - Deflect By Cole Schwindt.
9:38 of 3rd period - Shot Blocked by Ryan Shea.
9:40 of 3rd period - Shot by Aleksi Heponiemi.
9:40 of 3rd period - Shot Misses the Net.
9:44 of 3rd period - Shot by Aliaksei Protas.
9:44 of 3rd period - Shot Misses the Net.
9:46 of 3rd period - Shot by Cole Schwindt.
9:46 of 3rd period - Shot Misses the Net.
9:48 of 3rd period - Shot by Aliaksei Protas.
9:48 of 3rd period - Goal by Aliaksei Protas - Gulls : 1 - Senators : 2.
9:49 of 3rd period - Marcus Kallionkelli wins face-off versus Linus Weissbach in neutral zone.
9:52 of 3rd period - Linus Weissbach is hit by Jack Badini and loses puck.
10:15 of 3rd period - Shot by Fabian Zetterlund.
10:15 of 3rd period - Shot Misses the Net.
10:17 of 3rd period - Shot by Fabian Zetterlund.
10:17 of 3rd period - Deflect By Linus Weissbach.
10:17 of 3rd period - Shot Misses the Net.
10:19 of 3rd period - Shot by Alex Beaucage.
10:19 of 3rd period - Stopped by Janne Juvonen without a rebound.
10:20 of 3rd period - Alex Limoges wins face-off versus Akil Thomas in Gulls zone.
10:22 of 3rd period - Trevor Murphy is hit by Wade Allison and loses puck.
10:27 of 3rd period - Shot by Wade Allison.
10:27 of 3rd period - Stopped by Janne Juvonen without a rebound.
10:28 of 3rd period - Aliaksei Protas wins face-off versus Linus Olund in Gulls zone.
10:41 of 3rd period - Shot by Linus Olund.
10:41 of 3rd period - Stopped by Leevi Merilainen without a rebound.
10:42 of 3rd period - Alex Limoges wins face-off versus Akil Thomas in Senators zone.
11:31 of 3rd period - Icing by Gustav Bouramman.
11:32 of 3rd period - Alex Limoges wins face-off versus Aliaksei Protas in Gulls zone.
11:32 of 3rd period - Alex Limoges is hit by Aliaksei Protas.
12:06 of 3rd period - Shot by Cole Schwindt.
12:06 of 3rd period - Shot Misses the Net.
12:08 of 3rd period - Shot by Cole Schwindt.
12:08 of 3rd period - Stopped by Janne Juvonen without a rebound.
12:09 of 3rd period - Fabian Zetterlund wins face-off versus Linus Olund in Gulls zone.
12:13 of 3rd period - Alex Beaucage is hit by JD Greenway and loses puck.
12:24 of 3rd period - Shot by Dmitry Kulikov.
12:24 of 3rd period - Stopped by Leevi Merilainen without a rebound.
12:25 of 3rd period - Akil Thomas wins face-off versus TJ Hensick in Senators zone.
12:25 of 3rd period - Akil Thomas is hit by Dmitry Kulikov.
12:34 of 3rd period - Off-side.
12:35 of 3rd period - Sam Kurker wins face-off versus Aliaksei Protas in neutral zone.
12:56 of 3rd period - Shot by Aleksi Heponiemi.
12:56 of 3rd period - Stopped by Janne Juvonen with a rebound.
12:58 of 3rd period - Shot by Aliaksei Protas.
12:58 of 3rd period - Stopped by Janne Juvonen without a rebound.
12:59 of 3rd period - TJ Hensick wins face-off versus Akil Thomas in Gulls zone.
13:18 of 3rd period - Shot by Wade Allison.
13:18 of 3rd period - Stopped by Janne Juvonen with a rebound.
13:24 of 3rd period - Shot by Adam Beckman.
13:24 of 3rd period - Stopped by Janne Juvonen without a rebound.
13:25 of 3rd period - Aliaksei Protas wins face-off versus Phil Di Giuseppe in Gulls zone.
13:26 of 3rd period - Shot by Ryan Merkley.
13:26 of 3rd period - Shot Blocked by Dmitry Kulikov.
13:37 of 3rd period - Icing by Phil Di Giuseppe.
13:38 of 3rd period - Alex Limoges wins face-off versus Fabian Zetterlund in Gulls zone.
14:18 of 3rd period - Shot by Fabian Zetterlund.
14:18 of 3rd period - Stopped by Janne Juvonen without a rebound.
14:19 of 3rd period - Sam Kurker wins face-off versus Aliaksei Protas in Gulls zone.
15:37 of 3rd period - Shot by Dalton Smith.
15:37 of 3rd period - Shot Misses the Net.
15:39 of 3rd period - Shot by Jack Badini.
15:39 of 3rd period - Stopped by Leevi Merilainen without a rebound.
15:40 of 3rd period - Fabian Zetterlund wins face-off versus TJ Hensick in Senators zone.
16:28 of 3rd period - Linus Weissbach is hit by Jack Badini and loses puck.
16:33 of 3rd period - Shot by Marcus Kallionkelli.
16:33 of 3rd period - Stopped by Leevi Merilainen with a rebound.
16:35 of 3rd period - Shot by Marcus Kallionkelli.
16:35 of 3rd period - Shot Blocked by Zac Jones.
16:37 of 3rd period - Shot by JD Greenway.
16:37 of 3rd period - Shot Misses the Net.
16:39 of 3rd period - Shot by Mathias Laferriere.
16:39 of 3rd period - Stopped by Leevi Merilainen without a rebound.
16:40 of 3rd period - Alex Limoges wins face-off versus Aliaksei Protas in Senators zone.
16:59 of 3rd period - Shot by Phil Di Giuseppe.
16:59 of 3rd period - Shot Blocked by Cole Schwindt.
17:07 of 3rd period - Shot by Mathias Laferriere.
17:07 of 3rd period - Shot Misses the Net.
17:09 of 3rd period - Shot by Mathias Laferriere.
17:09 of 3rd period - Stopped by Leevi Merilainen with a rebound.
17:16 of 3rd period - Icing by Aleksi Heponiemi.
17:17 of 3rd period - Aliaksei Protas wins face-off versus Linus Olund in Senators zone.
17:19 of 3rd period - Icing by Jack Rathbone.
17:20 of 3rd period - Aliaksei Protas wins face-off versus Sam Kurker in Senators zone.
17:29 of 3rd period - Shot by Cole Schwindt.
17:29 of 3rd period - Deflect By Aliaksei Protas.
17:29 of 3rd period - Stopped by Janne Juvonen without a rebound.
17:30 of 3rd period - Linus Olund wins face-off versus Akil Thomas in Gulls zone.
18:05 of 3rd period - Icing by JD Greenway.
18:06 of 3rd period - Aliaksei Protas wins face-off versus Linus Olund in Gulls zone.
18:39 of 3rd period - Icing by Gustav Bouramman.
18:40 of 3rd period - Alex Limoges wins face-off versus Fabian Zetterlund in Gulls zone.
18:50 of 3rd period - Icing by Phil Di Giuseppe.
18:51 of 3rd period - Akil Thomas wins face-off versus Alex Limoges in Gulls zone.
18:58 of 3rd period - Shot by Wade Allison.
18:58 of 3rd period - Deflect By Akil Thomas.
18:58 of 3rd period - Stopped by Janne Juvonen without a rebound.
18:59 of 3rd period - Aliaksei Protas wins face-off versus Jack Badini in Gulls zone.
19:00 of 3rd period - Shot by Aleksi Heponiemi.
19:00 of 3rd period - Deflect By Aliaksei Protas.
19:00 of 3rd period - Stopped by Janne Juvonen without a rebound.
19:01 of 3rd period - Aliaksei Protas wins face-off versus Calvin Thurkauf in Gulls zone.
19:02 of 3rd period - Shot by Ryan Merkley.
19:02 of 3rd period - Deflect By Aleksi Heponiemi.
19:02 of 3rd period - Stopped by Janne Juvonen without a rebound.
19:03 of 3rd period - Aliaksei Protas wins face-off versus Calvin Thurkauf in Gulls zone.
19:16 of 3rd period - Shot by Aliaksei Protas.
19:16 of 3rd period - Shot Misses the Net.
19:29 of 3rd period - Shot by Ryan Merkley.
19:29 of 3rd period - Shot Misses the Net.
19:31 of 3rd period - Shot by Aliaksei Protas.
19:31 of 3rd period - Shot Misses the Net.
19:33 of 3rd period - Shot by Jack Rathbone.
19:33 of 3rd period - Stopped by Janne Juvonen without a rebound.
19:34 of 3rd period - Calvin Thurkauf wins face-off versus Aliaksei Protas in Gulls zone.
19:52 of 3rd period - Gulls, Janne Juvonen is pulled from the net.
Goals for this period are 0 for Gulls vs 1 for Senators.
Shots for this period are 12 for Gulls vs 19 for Senators.